 Dungeon Crawl Stone Soup version 0.18.1-6-gd335043 (webtiles) character file.

606 Gorice the Slasher (level 7, 0/52 HPs)
             Began as a Human Skald on May 17, 2016.
             Succumbed to an orc's poison
             ... on level 5 of the Dungeon.
             The game lasted 00:24:35 (6404 turns).

Gorice the Slasher (Human Skald)                    Turns: 6404, Time: 00:24:36

Health: 0/52       AC: 13    Str: 15    XL:     7   Next: 70%
Magic:  10/10      EV:  4    Int: 12    God:
Gold:   146        SH:  0    Dex: 12    Spells: 1 memorised, 9 levels left

rFire  . . .     SeeInvis .     a - +1 falchion
rCold  . . .     Gourm    .     r - +0 plate armour (curse)
rNeg   . . .     Faith    .     (no shield)
rPois  .         Spirit   .     (no helmet)
rElec  .         Dismiss  .     (no cloak)
rCorr  .         Reflect  .     (no gloves)
SustAt .         Harm     .     o - +1 pair of boots
MR     .....                    (no amulet)
Stlth  ..........               (no ring)
                                (no ring)

@: lethally poisoned (0 -> -13), exhausted, slowed, drained, very slow, not
resistant to hostile enchantments, extremely unstealthy
A: no striking features
a: no special abilities


You were on level 5 of the Dungeon.
You were hungry.

You visited 1 branch of the dungeon, and saw 5 of its levels.

You collected 146 gold pieces.

Inventory:

Hand Weapons
 a - a +1 falchion (weapon)
 b - a +0 hunting sling
 p - a +2 quarterstaff of protection
   (You took it off a goblin on level 3 of the Dungeon)
Missiles
 j - 8 sling bullets
 k - 25 bolts
 Z - 344 stones (quivered)
Armour
 o - a +1 pair of boots (worn)
 r - a cursed +0 plate armour (worn)
 v - a +0 ring mail
Wands
 n - a wand of hasting (5/9) {!d}
Scrolls
 e - 2 scrolls of remove curse
 g - 2 scrolls of immolation {!r}
 i - 3 scrolls of enchant armour
 w - a scroll of amnesia
 y - 3 scrolls of enchant weapon
Potions
 l - a potion of agility {!q}
 z - a potion of ambrosia {unknown}
Books
 c - a book of Battle
 t - a book of Frost
 u - a Young Poisoner's Handbook
Comestibles
 d - 6 bread rations {!e}
 f - a slice of pizza
 m - a beef jerky


   Skills:
 - Level 3.0(2.9) Fighting
 * Level 6.5 Long Blades
 + Level 3.9(3.8) Armour
 - Level 1.0(0.9) Dodging
 - Level 2.0(1.9) Spellcasting
 - Level 3.0(2.9) Charms


You had 9 spell levels left.
You knew the following spells:

 Your Spells              Type           Power        Failure   Level  Hunger
a - Infusion              Chrm           #...         100%        1    ##.....


Dungeon Overview and Level Annotations

Branches:
Dungeon (5/15)
 Temple: D:4-7

Altars:
Ashenzari
Cheibriados
Fedhas
Gozag
Makhleb
Qazlal
Sif Muna
Vehumet

Annotations:
D:2 Sigmund
D:4 lightmor's ghost, amateur MiBe


Message History

* * * LOW HITPOINT WARNING * * *
You feel very sick.
Damage: 3 (max 5)
* * * LOW HITPOINT WARNING * * *
You feel sick.
You see here a hand axe of venom.
Damage: 2 (max 5) Unknown command.
Drink which item? (? for menu, Esc to quit)
It was a potion of berserk rage.
A red film seems to cover your vision as you go berserk!
You feel yourself moving faster!
You feel mighty!
* * * LOW HITPOINT WARNING * * *
You feel very sick.
Unknown command.
You are too berserk!
You feel a strong urge to attack something.
* * * LOW HITPOINT WARNING * * *
You feel sick.
There is a stone staircase leading up here.
Damage: 2 (max 5)
* * * LOW HITPOINT WARNING * * *
You feel sick.
Damage: 1 (max 5)
You feel your anger subside.
* * * LOW HITPOINT WARNING * * *
You feel sick.
Damage: 2 (max 5)
You are no longer berserk.
You are exhausted.
You feel yourself slow down.
You are feeling hungry.
* * * LOW HITPOINT WARNING * * *
You feel sick.
Damage: 6 (max 6) Unknown command.
Unknown command.
* * * LOW HITPOINT WARNING * * *
You feel very sick.
Damage: 3 (max 6)
* * * LOW HITPOINT WARNING * * *
You feel very sick.
Damage: 2 (max 6)
* * * LOW HITPOINT WARNING * * *
You feel sick.
Damage: 2 (max 6)
* * * LOW HITPOINT WARNING * * *
You feel very sick.
Damage: 3 (max 6)
You die...

#####
...
#.#
#@#
#.#
#.#
#.#
#.#
#.#
##
#.#
#.
#.#
#.
#<#


There were no monsters in sight!

Vanquished Creatures
  2 ogres (D:4)
  A centaur (D:4)
  A big kobold (D:3)
  An orc wizard (D:3)
  2 orc priests (D:4)
  Ijyb (D:3)
  6 adders
  4 worms
  3 dart slugs
  4 giant geckos
  10 orcs
  3 giant cockroaches
  12 goblins
  5 hobgoblins
  10 jackals
  A quokka (D:4)
  A ball python (D:3)
  8 bats
  5 giant newts
  12 kobolds
  7 rats
99 creatures vanquished.

Vanquished Creatures (others)
  A hobgoblin (D:2)
1 creature vanquished.

Grand Total: 100 creatures vanquished

Notes
Turn   | Place    | Note
--------------------------------------------------------------
     0 | D:1      | Gorice the Human Skald began the quest for the Orb.
     0 | D:1      | Reached XP level 1. HP: 16/16 MP: 3/3
   347 | D:1      | Reached XP level 2. HP: 23/23 MP: 5/5
   737 | D:1      | --wow /hasting on D1!
   994 | D:2      | Reached XP level 3. HP: 15/28 MP: 6/6
  1203 | D:2      | Noticed Sigmund
  1219 | D:2      | Reached skill level 3 in Long Blades
  1513 | D:2      | Reached skill level 3 in Fighting
  1525 | D:2      | Noticed a giant frog
  1655 | D:2      | Found a stormy altar of Qazlal.
  1664 | D:2      | Found a blossoming altar of Fedhas.
  1669 | D:2      | Found a shattered altar of Ashenzari.
  1687 | D:2      | Found a snail-covered altar of Cheibriados.
  1696 | D:2      | Found an opulent altar of Gozag.
  1705 | D:2      | Found a radiant altar of Vehumet.
  1717 | D:2      | Found a deep blue altar of Sif Muna.
  1757 | D:2      | Reached XP level 4. HP: 30/35 MP: 7/7
  1785 | D:2      | HP: 10/35 [poisoned by an adder]
  1790 | D:2      | HP: 10/35 [poisoned by an adder]
  1796 | D:2      | HP: 9/35 [poisoned by an adder]
  1802 | D:2      | HP: 8/35 [poisoned by an adder]
  1808 | D:2      | HP: 8/35 [poisoned by an adder]
  2524 | D:3      | Noticed a big kobold
  2905 | D:3      | Killed a big kobold
  2905 | D:3      | Reached skill level 4 in Long Blades
  2905 | D:3      | Reached skill level 2 in Armour
  2905 | D:3      | Reached XP level 5. HP: 33/41 MP: 8/8
  3532 | D:3      | Reached XP level 6. HP: 46/47 MP: 9/9
  3688 | D:3      | Noticed Ijyb
  3753 | D:3      | Killed Ijyb
  4085 | D:4      | Noticed an ogre
  4099 | D:4      | Killed an ogre
  4099 | D:4      | Reached skill level 5 in Long Blades
  4099 | D:4      | Reached skill level 3 in Armour
  4264 | D:4      | Found a burning altar of Makhleb.
  4557 | D:4      | HP: 12/47 [orc priest/divine providence (15)]
  4829 | D:4      | Noticed an ogre
  4864 | D:4      | Killed an ogre
  4864 | D:4      | Reached skill level 6 in Long Blades
  4864 | D:4      | Reached XP level 7. HP: 52/52 MP: 10/10
  5034 | D:4      | HP: 14/52 [orc priest/divine providence (7)]
  5577 | D:4      | Noticed lightmor's ghost (amateur MiBe)
  6186 | D:4      | You fall through a shaft!
  6186 | D:5      | Entered Level 5 of the Dungeon
  6395 | D:5      | HP: 22/78 [poisoned by an orc]
  6400 | D:5      | HP: 8/52 [poisoned by an orc]
  6403 | D:5      | HP: 1/52 [poisoned by an orc]
  6404 | D:5      | Succumbed to an orc's poison

Skill      XL: |  1  2  3  4  5  6 |
---------------+-------------------+-----
Long Blades    | 3 4 6 |  6.5
Fighting       | 3 |  3.0
Armour         | 2 3 |  3.9
Dodging        | |  1.0
Spellcasting   | |  2.0
Charms         | |  3.0

Action                   |  1- 3 |  4- 6 |  7- 9 || total
-------------------------+-------+-------+-------++-------
Melee: Falchion          |    82 |   213 |    84 ||   379
 Fire: Hunting sling     |    22 |    51 |    18 ||    91
Throw: Stone             |    20 |       |     1 ||    21
Evoke: Wand              |       |     3 |     1 ||     4
  Use: Scroll            |     5 |     8 |     2 ||    15
       Potion            |       |     2 |     1 ||     3
  Eat: Chunk             |     3 |     9 |     6 ||    18
Armor: Leather armour    |    27 |       |       ||    27
       Plate armour      |     8 |   145 |    59 ||   212
       Ring mail         |     1 |       |       ||     1
       Skin              |       |     1 |       ||     1
Dodge: Dodged            |    58 |    47 |    18 ||   123

Table legend:
 A = Turns spent in this place as a percentage of turns spent in the entire game.
 B = Non-inter-level travel turns spent in this place as a percentage of non-inter-level travel turns spent in the entire game.
 C = Inter-level travel turns spent in this place as a percentage of turns spent in this place.
 D = Turns resting spent in this place as a percentage of non-inter-level travel turns spent in this place.
 E = Turns spent auto-exploring this place as a percentage of non-inter-level travel turns spent in this place.
 F = Non-inter-level travel turns spent in this place divided by the number of levels of this place that you've seen.
                   A       B       C       D       E      F
               +-------+-------+-------+-------+-------+----------------------
         Total | 100.0 | 100.0 |   0.3 |   3.2 |   4.3 | 401.2
       Dungeon | 100.0 | 100.0 |   0.3 |   3.2 |   4.3 | 401.2
               +-------+-------+-------+-------+-------+----------------------

Vault maps used:
D:1:      dpeg_arrival_yet_another_circle, minivault_5
D:2:      grunt_temple_overflow_octagram, first_bread, grunt_decor_cap,
          lightli_corner_chamber, uniq_sigmund
D:3:      kennysheep_goblin_castle
D:4:      kennysheep_mini_moat
D:5:      kennysheep_little_box, lemuel_doored_altar, uniq_crazy_yiuf_cottage
